 Dungeon Sprint DCSS version 0.26-a0-850-g97a50ab700 (webtiles) character file.

Game seed: 6760542832702945043

531 rocky1 the Earth Mage (level 7, -7/39 HPs)
             Began as a Gargoyle Earth Elementalist on Nov 20, 2020.
             Was an Elder of Sif Muna.
             Mangled by a komodo dragon (26 damage)
             ... in the Dungeon (Sprint VII: "The Pits").
             The game lasted 00:03:52 (481 turns).

rocky1 the Earth Mage (Gargoyle Earth Elementalist)  Turns: 481, Time: 00:03:52

Health: -7/39      AC:  6    Str: 11    XL:     7   Next: 24%
Magic:  1/11       EV: 12    Int: 18    God:    Sif Muna [****..]
Gold:   0          SH:  0    Dex: 10    Spells: 2/11 levels left

rFire    . . .     SeeInvis .   n - +1 flail (protect)
rCold    . . .     Faith    .   (no shield)
rNeg     + . .     Spirit   .   c - +0 robe
rPois    ∞         Reflect  .   (no helmet)
rElec    +         Harm     .   (no cloak)
rCorr    .         Rampage  .   (no gloves)
MR       .....     NoTele   +   (no boots)
Stlth    ++........             (no amulet)
HPRegen  0.13/turn              (no ring)
MPRegen  0.12/turn              (no ring)

@: no status effects
A: negative energy resistance 1, electricity resistance, unbreathing,
petrification resistance, rot immunity, AC +4
a: Channel Magic, Forget Spell, Divine Exegesis, Renounce Religion


You were in the Dungeon.
You worshipped Sif Muna.
Sif Muna was greatly pleased with you.
You visited 1 branch

Inventory:

Hand Weapons
 n - a +1 flail of protection (weapon)
Missiles
 b - 30 stones (quivered)
Armour
 c - a +0 robe (worn)
Scrolls
 i - a scroll of blinking
 j - 3 scrolls of remove curse
 k - 5 scrolls of amnesia
 l - a scroll of summoning
Potions
 a - 2 potions of invisibility
 d - 6 potions of curing
 e - 6 potions of heal wounds
 f - a potion of haste
 g - 4 potions of magic
 h - 3 potions of berserk rage


   Skills:
 + Level 1.7 Fighting
 + Level 2.2 Dodging
 - Level 2.1 Stealth
 + Level 2.6 Spellcasting
 - Level 0.7 Transmutations
 + Level 15.6 Earth Magic
 + Level 5.9 Invocations


You had 2 spell levels left.
You knew the following spells:

 Your Spells              Type           Power        Failure   Level
a - Sandblast             Erth           ######       1%          1
b - Stone Arrow           Conj/Erth      ####..       1%          3
c - Lee's Rapid Deconstr  Erth           ######....   1%          5

Your spell library contained the following spells:

 Spells                   Type           Power        Failure   Level
 Passwall                 Tmut/Erth      ####....     1%          2
 Petrify                  Tmut/Erth      ####....     6%          4


Dungeon Overview and Level Annotations

Branches:
Dungeon (1/1)

Altars:
Ashenzari
Cheibriados
Dithmenos
Elyvilon
Fedhas
Gozag
Hepliaklqana
Kikubaaqudgha
Makhleb
Nemelex Xobeh
Okawaru
Qazlal
Ru
Sif Muna
Trog
Uskayaw
Vehumet
Wu Jian
Xom
Yredelemnul
Zin
The Shining One
Beogh
Jiyva
Lugonu


Innate Abilities, Weirdness & Mutations

You are resistant to torment.
Your stone body is resilient. (AC +4)
You are immune to poison.
You resist negative energy. (rN+)
You are resistant to electric shocks. (rElec)
You can survive without breathing.
You are immune to petrification.
You are immune to rotting.


Message History

The komodo dragon hisses angrily.
Unknown command.
Casting: Lee's Rapid Deconstruction (dangerous; 1% risk of failure)
Confirm with . or Enter, or press ? or * to list all spells.
Aiming: Lee's Rapid Deconstruction (dangerous; 1% risk of failure)
Press: ? - help, Dir - move target cursor A metal wall.
The metal wall shatters!
The blast of metal fragments hits the komodo dragon!!
The komodo dragon is almost dead.
The komodo dragon bites you!!
Ouch! That really hurt!
Casting: Lee's Rapid Deconstruction (dangerous; 1% risk of failure)
Confirm with . or Enter, or press ? or * to list all spells.
You don't have enough magic to cast that spell.
You completely miss the komodo dragon.
The komodo dragon is almost dead.
The komodo dragon bites you!!
Ouch! That really hurt!
You die...

#)#........##.......#
#'###########.......#
#.......# #########
#..#.#..# #.##.##.#
#.......#+#
#.##.##.#.+
#..#.#..#l#
#.÷.....'@#
###########


You could see a komodo dragon.

Vanquished Creatures
  2 floating eyes (D)
  A black bear (D)
  An ogre (D)
  A bullfrog (D)
  2 iron imps (D)
  A gnoll (D)
  A river rat (D)
  A worm (D)
  A giant cockroach (D)
  3 goblins (D)
  A ball python skeleton (D)
  2 frilled lizards (D)
17 creatures vanquished.

Notes
Turn   | Place    | Note
-------+----------+-------------------------------------------
     0 | D        | rocky1 the Gargoyle Earth Elementalist began the quest for
                  | the Orb.
     0 | D        | Reached XP level 1. HP: 10/10 MP: 3/3
    11 | D        | Noticed a floating eye
    15 | D        | Paralysed by a floating eye for 3 turns
    21 | D        | Paralysed by a floating eye for 3 turns
    27 | D        | Killed a floating eye
    28 | D        | Reached skill level 11 in Earth Magic
    28 | D        | Reached XP level 2. HP: 15/15 MP: 5/5
    28 | D        | Reached XP level 3. HP: 19/19 MP: 6/6
    28 | D        | Reached XP level 4. HP: 24/24 MP: 7/7
    57 | D        | Found a bloodstained altar of Trog.
    57 | D        | Found a shimmering blue altar of Sif Muna.
    57 | D        | Found a viscous altar of Jiyva.
    57 | D        | Found a hazy altar of Hepliaklqana.
    57 | D        | Found an opulent altar of Gozag.
    58 | D        | Found a glowing golden altar of the Shining One.
    58 | D        | Found a glowing silver altar of Zin.
    58 | D        | Found a basalt altar of Yredelemnul.
    58 | D        | Found a shimmering altar of Xom.
    58 | D        | Found an ornate altar of the Wu Jian Council.
    58 | D        | Found a sacrificial altar of Ru.
    58 | D        | Found a stormy altar of Qazlal.
    58 | D        | Found an iron altar of Okawaru.
    58 | D        | Found a sparkling altar of Nemelex Xobeh.
    58 | D        | Found a burning altar of Makhleb.
    58 | D        | Found a blossoming altar of Fedhas.
    58 | D        | Found a white marble altar of Elyvilon.
    58 | D        | Found a shadowy altar of Dithmenos.
    58 | D        | Found a snail-covered altar of Cheibriados.
    61 | D        | Found a corrupted altar of Lugonu.
    61 | D        | Found a radiant altar of Vehumet.
    61 | D        | Found a roughly hewn altar of Beogh.
    62 | D        | Found an ancient bone altar of Kikubaaqudgha.
    62 | D        | Found a hide-covered altar of Uskayaw.
    62 | D        | Found a broken altar of Ashenzari.
    63 | D        | Became a worshipper of Sif Muna the Loreminder
    90 | D        | Reached * piety under Sif Muna
    97 | D        | Noticed a floating eye
    98 | D        | Paralysed by a floating eye for 3 turns
   104 | D        | Killed a floating eye
   105 | D        | Reached skill level 12 in Earth Magic
   105 | D        | Reached skill level 5 in Invocations
   105 | D        | Reached XP level 5. HP: 28/28 MP: 8/8
   116 | D        | Reached ** piety under Sif Muna
   131 | D        | Reached XP level 6. HP: 30/32 MP: 8/10
   203 | D        | Reached *** piety under Sif Muna
   204 | D        | Reached skill level 13 in Earth Magic
   210 | D        | Reached skill level 14 in Earth Magic
   213 | D        | Reached **** piety under Sif Muna
   227 | D        | Reached skill level 15 in Earth Magic
   227 | D        | Reached XP level 7. HP: 29/36 MP: 5/11
   280 | D        | Learned a level 3 spell: Stone Arrow
   286 | D        | Learned a level 5 spell: Lee's Rapid Deconstruction
   395 | D        | Reached skill level 1 in Fighting
   478 | D        | Noticed a komodo dragon
   481 | D        | Mangled by a komodo dragon

Illustrated notes

Levels and vault maps discovered:
D:        pitsprint [storerooms_1, entrance_room_1, metal_vault_6, armoury_2,
          mini_pit_1, grid_room_1, main_hall_1, silver_pit, the_coven_1,
          the_vestibule_1, steel_vault_1, golden_pit, hallway_of_sentries,
          crystal_vault_4, iron_vault_1, final_vault]

Skill      XL: |  1  2  3  4  5  6  7 |
---------------+----------------------+-----
Earth Magic    | 11 12 15 | 15.6
Invocations    | 5 |  5.9
Fighting       | 1 |  1.7
Dodging        | 2 |  2.2
Stealth        | |  2.1
Spellcasting   | |  2.6
Transmutations | |  0.7

Action                   |  1- 3 |  4- 6 |  7- 9 || total
-------------------------+-------+-------+-------++-------
Melee: Unarmed           |    11 |       |       ||    11
       Mace              |       |    22 |       ||    22
       Flail             |       |     4 |     1 ||     5
Throw: Stone             |       |     1 |       ||     1
 Cast: Sandblast         |       |    10 |       ||    10
       Lee's Rapid Decon |       |       |     4 ||     4
Armor: Robe              |       |    12 |       ||    12
Dodge: Dodged            |       |    16 |       ||    16

Table legend: (Time is in decaauts)
 A = Elapsed time spent in this place.
 B = Non-inter-level travel time spent in this place.
 C = Inter-level travel time spent in this place.
 D = Time resting spent in this place.
 E = Time spent auto-exploring this place.
 F = Levels seen in this place.
 G = Mean time per level.
                   A        B        C        D        E       F      G
               +--------+--------+--------+--------+--------+-----+--------+
         Total |    490 |    490 |      0 |    232 |      0 |   1 |  490.0 |
       Dungeon |    490 |    490 |      0 |    232 |      0 |   1 |  490.0 |
               +--------+--------+--------+--------+--------+-----+--------+

Top non-repeatable levels by time:
       D: 490 daAuts
